[Event "Titled Tuesday Blitz July 18 Late 2023"]
[White "Grinev, Valeriy"]
[Black "Kanyamarala, Trisha"]
[WhiteFideId "14117517"]
[BlackFideId "45004722"]
[WhiteElo "2554"]
[BlackElo "2359"]
[Result "0-1"]
[Round "4"]
[TimeControl "180+2"]
[Date "2023.07.18"]
[WhiteClock "0:01:46"]
[BlackClock "0:01:22"]
[Board "98"]

1. e4 c5 2. Nc3 Nc6 3. g3 g6 4. Bg2 Bg7 5. Nge2 Nf6 6. O-O O-O 7. a4 d6 8. f4 a6 9. h3 Rb8 10. Kh2 Bd7 11. d4 cxd4 12. Nd5 b5 13. axb5 axb5 14. b3 Nxd5 15. exd5 d3 16. dxc6 dxe2 17. Qxe2 Bxa1 18. cxd7 Qxd7 19. f5 Bg7 20. h4 Rbc8 21. h5 Rc5 22. hxg6 hxg6 23. fxg6 fxg6 24. Rxf8+ Kxf8 25. b4 Rh5+ 26. Kg1 Bd4+ 27. Kf1 Qf5+ 28. Bf3 Rh1+ 29. Kg2 Rg1+ 30. Kh2 Rxc1 31. Qd2 Rxc2 32. Qxc2 Qxc2+ 33. Kh3 Be5 0-1


[Site "https://www.chess.com"]

[Event "Titled Tuesday Blitz July 18 Late 2023"]
[White "Schuster, Karsten"]
[Black "Petesch, Gabriel"]
[WhiteFideId "4611071"]
[BlackFideId "2032465"]
[WhiteElo "2339"]
[BlackElo "2549"]
[Result "0-1"]
[Round "4"]
[TimeControl "180+2"]
[Date "2023.07.18"]
[WhiteClock "0:00:03"]
[BlackClock "0:00:09"]
[Board "99"]

1. Nf3 Nf6 2. b3 a5 3. a4 g6 4. Bb2 Bg7 5. g3 O-O 6. Bg2 c5 7. O-O Nc6 8. d3 d5 9. Nbd2 b6 10. Re1 Bb7 11. e4 e6 12. Ne5 Qc7 13. f4 Rfe8 14. Rb1 Rad8 15. Qc1 Nb4 16. exd5 exd5 17. Ndf3 h6 18. Qd2 Ne4 19. Qd1 c4 20. Bd4 Bf8 21. dxe4 dxe4 22. c3 exf3 23. Bxf3 Bxf3 24. Qxf3 Nc2 25. Red1 cxb3 26. Bf2 Rxd1+ 27. Qxd1 Rd8 28. Qg4 Bc5 29. Rf1 b2 30. Nxg6 Bxf2+ 31. Kxf2 Rd2+ 32. Kg1 Qc5+ 33. Kh1 Qc6+ 34. Kg1 Rg2+ 35. Kh1 Rxg3+ 36. Rf3 Qxf3+ 37. Qxf3 b1=R+ 38. Qf1 Rxf1# 0-1


[Site "https://www.chess.com"]

[Event "Titled Tuesday Blitz July 18 Late 2023"]
[White "Schekachikhin, Maksim"]
[Black "kripri"]
[WhiteFideId "24177830"]
[WhiteElo "2531"]
[BlackElo "2331"]
[Result "1-0"]
[Round "4"]
[TimeControl "180+2"]
[Date "2023.07.18"]
[WhiteClock "0:01:39"]
[BlackClock "0:00:29"]
[Board "100"]

1. d4 d5 2. c4 c6 3. Nf3 Nf6 4. Qc2 dxc4 5. Qxc4 Bf5 6. g3 e6 7. Bg2 Nbd7 8. O-O Be7 9. Rd1 O-O 10. e3 Qb6 11. Nc3 Rac8 12. Qe2 Ne4 13. Nd2 Nxc3 14. bxc3 Rfd8 15. e4 Bg6 16. h4 h6 17. h5 Bh7 18. Rb1 Qc7 19. Nc4 Nf6 20. Bf4 Qd7 21. Ne5 Qc7 22. Nxf7 Qxf4 23. gxf4 Kxf7 24. Rxb7 Rd7 25. Rdb1 Rcc7 26. Rxc7 Rxc7 27. Rb3 c5 28. e5 Nd5 29. Bxd5 exd5 30. Qg4 cxd4 31. cxd4 a5 32. f5 Bg5 33. Qf3 1-0


[Site "https://www.chess.com"]

[Event "Titled Tuesday Blitz July 18 Late 2023"]
[White "D`Arruda, Ricardo D."]
[Black "kiwibobo"]
[WhiteFideId "100692"]
[WhiteElo "2516"]
[BlackElo "2325"]
[Result "1-0"]
[Round "4"]
[TimeControl "180+2"]
[Date "2023.07.18"]
[WhiteClock "0:01:36"]
[BlackClock "0:01:33"]
[Board "101"]

1. d4 Nf6 2. Nf3 g6 3. Nc3 d5 4. Bg5 Ne4 5. Bf4 Bg7 6. e3 O-O 7. Nxe4 dxe4 8. Nd2 f5 9. Bc4+ Kh8 10. f3 Nc6 11. fxe4 fxe4 12. Nxe4 e5 13. dxe5 Nxe5 14. Qxd8 Rxd8 15. Be2 Bf5 16. Ng5 Rd7 17. e4 h6 18. exf5 hxg5 19. Bxg5 gxf5 20. O-O Kh7 21. Rad1 Rxd1 22. Rxd1 Kg6 23. Bf4 Nc6 24. c3 Re8 25. Bf3 Na5 26. Bxc7 Nc4 27. b3 Nb2 28. Rd6+ Kf7 29. Bh5+ 1-0


[Site "https://www.chess.com"]

[Event "Titled Tuesday Blitz July 18 Late 2023"]
[White "Leenhouts, Koen"]
[Black "Cruz, William Ferreira Da"]
[WhiteFideId "1008439"]
[BlackFideId "2118050"]
[WhiteElo "2513"]
[BlackElo "2315"]
[Result "1-0"]
[Round "4"]
[TimeControl "180+2"]
[Date "2023.07.18"]
[WhiteClock "0:02:14"]
[BlackClock "0:00:10"]
[Board "102"]

1. e4 e6 2. d4 d5 3. Nd2 c5 4. Ngf3 cxd4 5. Nxd4 Nc6 6. Bb5 Bd7 7. Nxc6 bxc6 8. Bd3 Qc7 9. O-O Nf6 10. Qe2 Bd6 11. h3 O-O 12. Re1 Nxe4 13. Bxe4 dxe4 14. Nxe4 Be7 15. Be3 Rab8 16. b3 c5 17. Rad1 f5 18. Nxc5 Bxc5 19. Bxc5 Qxc5 20. Rxd7 Rfe8 21. c4 e5 22. Rd5 Qa3 23. Rxe5 Rf8 24. Re7 Qd6 25. Qe6+ Qxe6 26. R1xe6 a5 27. Ra6 Rbe8 28. Rxe8 Rxe8 29. Rxa5 g6 30. Kf1 Kg7 31. Rd5 Kh6 32. Rd2 Kg5 33. c5 h5 34. c6 h4 35. c7 Rc8 36. Rc2 f4 37. Rc5+ Kh6 38. b4 g5 39. b5 Kh5 40. b6 f3 41. gxf3 Kg6 42. b7 Ra8 43. Rc6+ Kf5 44. bxa8=Q g4 45. Qa5+ Kf4 46. Rf6# 1-0


[Site "https://www.chess.com"]

[Event "Titled Tuesday Blitz July 18 Late 2023"]
[White "Berezin, Viktor"]
[Black "BrandonJiang123456"]
[WhiteFideId "14107872"]
[WhiteElo "2507"]
[BlackElo "2281"]
[Result "1-0"]
[Round "4"]
[TimeControl "180+2"]
[Date "2023.07.18"]
[WhiteClock "0:00:23"]
[BlackClock "0:00:00"]
[Board "103"]

1. d4 f5 2. Nf3 Nf6 3. g3 d6 4. Bg2 g6 5. O-O Bg7 6. c4 O-O 7. Nc3 c6 8. b4 Be6 9. Qd3 Na6 10. Rb1 Nc7 11. b5 Ne4 12. bxc6 bxc6 13. Ng5 d5 14. Nxe6 Nxe6 15. e3 Nc7 16. Ba3 Rf7 17. cxd5 cxd5 18. Ne2 e6 19. Rfc1 Bf8 20. Nf4 g5 21. Ne2 Rb8 22. Bxf8 Qxf8 23. Rxb8 Qxb8 24. Rb1 Qc8 25. Nc3 h5 26. Na4 Qa6 27. Qc2 Kg7 28. Bf1 1-0


[Site "https://www.chess.com"]

[Event "Titled Tuesday Blitz July 18 Late 2023"]
[White "UgarteCesar"]
[Black "Shapiro, Viktor"]
[BlackFideId "4175700"]
[WhiteElo "2243"]
[BlackElo "2493"]
[Result "0-1"]
[Round "4"]
[TimeControl "180+2"]
[Date "2023.07.18"]
[WhiteClock "0:00:06"]
[BlackClock "0:00:26"]
[Board "104"]

1. d4 Nf6 2. Bf4 g6 3. e3 Bg7 4. h3 d6 5. Nf3 Nbd7 6. Be2 O-O 7. O-O e6 8. c4 b6 9. a4 a5 10. Nc3 Bb7 11. Qc2 Qe7 12. Bh2 e5 13. dxe5 Nxe5 14. Nxe5 dxe5 15. Rfd1 Rfd8 16. Bg3 h6 17. Rxd8+ Rxd8 18. Rd1 Rxd1+ 19. Qxd1 Nd7 20. Nd5 Qd6 21. Bf3 Nc5 22. b3 f5 23. Qc2 Bc8 24. Nc3 c6 25. Kf1 f4 26. Bh2 Bf5 27. e4 Bd7 28. g3 Bxh3+ 29. Ke2 g5 30. g4 h5 31. gxh5 g4 32. Bh1 f3+ 33. Bxf3 gxf3+ 34. Kxf3 Qd7 0-1


[Site "https://www.chess.com"]

[Event "Titled Tuesday Blitz July 18 Late 2023"]
[White "Jovic, Stanoje"]
[Black "Djordjevic, Dejan N"]
[WhiteFideId "905020"]
[BlackFideId "913316"]
[WhiteElo "2489"]
[BlackElo "2077"]
[Result "0-1"]
[Round "4"]
[TimeControl "180+2"]
[Date "2023.07.18"]
[WhiteClock "0:00:00"]
[BlackClock "0:00:13"]
[Board "105"]

1. c4 Nf6 2. g3 g6 3. Bg2 Bg7 4. Nc3 O-O 5. Nf3 d6 6. O-O Nc6 7. d3 a6 8. Rb1 Rb8 9. b4 b5 10. cxb5 axb5 11. Qc2 Bd7 12. h3 Qc8 13. Kh2 h5 14. Bg5 Re8 15. Rfc1 e6 16. a3 Qa6 17. a4 Na7 18. a5 Nc6 19. Ne4 Nd5 20. Bd2 Rec8 21. Nfg5 f5 22. Qb3 Nd4 23. Qd1 fxe4 24. dxe4 Ne7 25. Bc3 e5 26. Bxd4 exd4 27. Qb3+ d5 28. exd5 Kh8 29. Rc6 Bxc6 30. dxc6 Rf8 31. Qe6 Rbe8 32. Nf7+ Rxf7 33. Qxf7 Qc8 34. a6 Kh7 35. a7 Nf5 36. Qd7 Qa8 37. Ra1 Rxe2 38. Qxc7 Rxf2 39. Qb7 Qe8 40. c7 Qe5 41. c8=Q Nxg3 42. Qcb8 Nf1+ 43. Kg1 Qe3 0-1


[Site "https://www.chess.com"]

[Event "Titled Tuesday Blitz July 18 Late 2023"]
[White "Schmakel, Sam"]
[Black "Al Mukhaini, Shima"]
[WhiteFideId "2039311"]
[BlackFideId "22005854"]
[WhiteElo "2737"]
[BlackElo "2405"]
[Result "1-0"]
[Round "4"]
[TimeControl "180+2"]
[Date "2023.07.18"]
[WhiteClock "0:00:14"]
[BlackClock "0:00:03"]
[Board "106"]

1. e4 d5 2. exd5 Nf6 3. d4 Bg4 4. Bb5+ c6 5. dxc6 Nxc6 6. Nf3 Qb6 7. Nc3 O-O-O 8. Be3 e5 9. d5 Qa5 10. Bxc6 bxc6 11. Bd2 cxd5 12. h3 Bh5 13. a4 Bb4 14. g4 Bg6 15. O-O d4 16. Nb5 a6 17. Na7+ Kb7 18. Bxb4 Qxb4 19. Nxe5 Rhe8 20. Nac6 Qd6 21. Nxd8+ Rxd8 22. Nxg6 hxg6 23. Qf3+ Ka7 24. Rfd1 Rd7 25. Rd3 Qb4 26. b3 Ne8 27. Rad1 Nc7 28. Qc6 Re7 29. Rxd4 Re1+ 30. Kg2 Qb7 31. Qxb7+ Kxb7 32. Rxe1 1-0


[Site "https://www.chess.com"]

[Event "Titled Tuesday Blitz July 18 Late 2023"]
[White "Leiva, Gianmarco"]
[Black "Melikhov, Evgeny V."]
[WhiteFideId "3804399"]
[BlackFideId "4122046"]
[WhiteElo "2719"]
[BlackElo "2404"]
[Result "1-0"]
[Round "4"]
[TimeControl "180+2"]
[Date "2023.07.18"]
[WhiteClock "0:00:12"]
[BlackClock "0:00:25"]
[Board "107"]

1. e4 e5 2. Nf3 Nc6 3. Bc4 Nf6 4. d3 Be7 5. Nc3 d6 6. h3 O-O 7. a3 Be6 8. O-O Qd7 9. Re1 Nd4 10. Nxd4 exd4 11. Bxe6 fxe6 12. Ne2 c5 13. Ng3 Rf7 14. f4 Raf8 15. Bd2 Bd8 16. Qe2 Bc7 17. Rf1 Qe7 18. Rf2 Nd7 19. e5 d5 20. Raf1 Qh4 21. Rf3 b5 22. Kh2 a5 23. Qf2 Nxe5 24. fxe5 Rxf3 25. gxf3 Bxe5 26. f4 Bc7 27. Qe2 Rf6 28. Qh5 Qxh5 29. Nxh5 Rf7 30. Kg2 g6 31. Ng3 h5 32. Ne2 e5 33. fxe5 Bxe5 34. Rxf7 Kxf7 35. Bxa5 Ke6 36. b4 c4 37. Bb6 Kf5 38. Bxd4 Bd6 39. Nc3 1-0


[Site "https://www.chess.com"]

[Event "Titled Tuesday Blitz July 18 Late 2023"]
[White "Yolosz"]
[Black "Adewumi, Tanitoluwa"]
[BlackFideId "30966396"]
[WhiteElo "2402"]
[BlackElo "2649"]
[Result "0-1"]
[Round "4"]
[TimeControl "180+2"]
[Date "2023.07.18"]
[WhiteClock "0:00:00"]
[BlackClock "0:00:18"]
[Board "108"]

1. d4 Nf6 2. Bf4 e6 3. e3 c5 4. c3 d5 5. Nd2 Bd6 6. Bg3 O-O 7. Bd3 Qc7 8. Ngf3 b6 9. Ne5 Ba6 10. Qe2 Bxd3 11. Qxd3 Nbd7 12. f4 Qb7 13. Ndf3 Ne4 14. Nxd7 Qxd7 15. Ne5 Bxe5 16. fxe5 f5 17. O-O-O Qa4 18. Kb1 cxd4 19. exd4 b5 20. Be1 Rfc8 21. Rf1 a5 22. g4 b4 23. c4 dxc4 24. Qe2 c3 25. b3 Qa3 26. Qc2 a4 27. Rc1 axb3 28. Qxb3 Qxb3+ 29. axb3 Ra3 30. gxf5 Rxb3+ 31. Kc2 Rb2+ 32. Kd3 exf5 33. Rxf5 g6 34. Rf3 Nd2 35. Bxd2 Rxd2+ 36. Ke4 c2 37. e6 Rd1 38. Rxc2 Rxc2 39. d5 Re2+ 40. Kf4 Rxd5 0-1


[Site "https://www.chess.com"]

[Event "Titled Tuesday Blitz July 18 Late 2023"]
[White "Lewicki, Miroslaw"]
[Black "Yordanov, Nikolay Plamenov"]
[WhiteFideId "1113380"]
[BlackFideId "2907445"]
[WhiteElo "2642"]
[BlackElo "2400"]
[Result "0-1"]
[Round "4"]
[TimeControl "180+2"]
[Date "2023.07.18"]
[WhiteClock "0:00:00"]
[BlackClock "0:00:14"]
[Board "109"]

1. f3 d5 2. Kf2 e5 3. g3 Nf6 4. Kg2 Nc6 5. d3 h5 6. h4 Be6 7. Nc3 Bd6 8. e4 dxe4 9. dxe4 Qe7 10. Bg5 O-O-O 11. Nd5 Bxd5 12. exd5 Nd4 13. c3 Nf5 14. Kh2 e4 15. Bh3 g6 16. Qd4 Bxg3+ 17. Kg2 exf3+ 18. Kf1 Rhe8 19. Qd2 Ne4 20. Qd1 Nxg5 21. hxg5 Qd7 22. Qxf3 Ne3+ 23. Qxe3 Rxe3 24. Ne2 Rf3+ 25. Kg2 Rf5 26. Kxg3 Kb8 27. Bxf5 Qxf5 28. Rhf1 Qxg5+ 29. Kf2 Rxd5 30. Rad1 Rf5+ 31. Ke1 Qh4+ 32. Kd2 Rd5+ 33. Kc1 Rxd1+ 34. Rxd1 b6 35. Nd4 Qf4+ 36. Kc2 Kb7 37. b4 h4 38. b5 a6 39. a4 a5 40. Kb3 h3 41. Nc6 Qg5 42. Re1 Qd5+ 43. Ka3 Qd6+ 44. Kb3 Qe6+ 45. Rxe6 fxe6 46. Nd8+ Kc8 47. Nxe6 h2 48. Ng5 h1=Q 0-1


[Site "https://www.chess.com"]

[Event "Titled Tuesday Blitz July 18 Late 2023"]
[White "Olsen, Filip Boe"]
[Black "Luong Phuong Hanh"]
[WhiteFideId "1440640"]
[BlackFideId "12401013"]
[WhiteElo "2631"]
[BlackElo "2399"]
[Result "1-0"]
[Round "4"]
[TimeControl "180+2"]
[Date "2023.07.18"]
[WhiteClock "0:00:57"]
[BlackClock "0:00:19"]
[Board "110"]

1. c4 Nf6 2. g3 c6 3. Bg2 d5 4. Nf3 g6 5. O-O Bg7 6. d4 O-O 7. b3 Bf5 8. Bf4 Nbd7 9. Qc1 Re8 10. Nc3 Ne4 11. Rd1 Nxc3 12. Qxc3 Be4 13. Ne5 Bxg2 14. Kxg2 Nf6 15. Rac1 Rc8 16. Qb4 Qb6 17. Qxb6 axb6 18. a4 Red8 19. Bg5 h6 20. Bxf6 Bxf6 21. cxd5 Rxd5 22. Nc4 Bxd4 23. Nxb6 Bxb6 24. Rxd5 Rc7 25. Rd8+ Kg7 26. Rcd1 c5 27. Re8 Kf6 28. Rc1 Ba5 29. Rc4 b6 30. Rf8 Kg7 31. Re8 Rd7 32. Re4 e6 33. Re3 Rc7 34. Rd3 c4 35. bxc4 Rxc4 36. Re7 Bb4 37. Rb7 Bc5 38. Rf3 g5 39. Rfxf7+ Kg6 40. h3 Rxa4 41. g4 Bd4 42. Rfe7 Kf6 43. e3 Be5 44. Rf7+ Kg6 45. Rfe7 Kf6 46. Re8 Rb4 47. Rbe7 Bc3 48. Rxe6+ Kf7 49. R8e7+ Kf8 50. Rb7 Rb2 51. Rc6 Be1 52. Rc8# 1-0


[Site "https://www.chess.com"]

[Event "Titled Tuesday Blitz July 18 Late 2023"]
[White "Ovchinnikov, Vsevolod"]
[Black "Jonkman, Harmen"]
[WhiteFideId "24176842"]
[BlackFideId "1002708"]
[WhiteElo "2622"]
[BlackElo "2396"]
[Result "1-0"]
[Round "4"]
[TimeControl "180+2"]
[Date "2023.07.18"]
[WhiteClock "0:00:16"]
[BlackClock "0:00:00"]
[Board "111"]

1. d4 d5 2. c4 dxc4 3. Nf3 e6 4. e3 a6 5. a4 c5 6. Bxc4 Nf6 7. O-O Nc6 8. Qe2 Qc7 9. Nc3 Bd6 10. Rd1 O-O 11. h3 e5 12. dxc5 Bxc5 13. b3 e4 14. Nd2 Qe5 15. Bb2 Re8 16. Ncxe4 Qxb2 17. Nxc5 Qe5 18. Nd3 Qg5 19. Nf3 Qf5 20. Nf4 Nb4 21. Qd2 a5 22. Rac1 g5 23. Nd4 Qe4 24. Nd3 Nbd5 25. Nc5 Qe7 26. Bxd5 1-0


[Site "https://www.chess.com"]

[Event "Titled Tuesday Blitz July 18 Late 2023"]
[White "Lewtak, Damian"]
[Black "Ortega Ruiz, Jose Miguel"]
[WhiteFideId "1141724"]
[BlackFideId "2209713"]
[WhiteElo "2612"]
[BlackElo "2390"]
[Result "1-0"]
[Round "4"]
[TimeControl "180+2"]
[Date "2023.07.18"]
[WhiteClock "0:01:17"]
[BlackClock "0:00:03"]
[Board "112"]

1. e4 c5 2. Nf3 Nc6 3. Bb5 e5 4. O-O Bd6 5. c3 Nge7 6. d4 cxd4 7. cxd4 Nxd4 8. Nxd4 exd4 9. Qxd4 Qc7 10. h3 O-O 11. Nc3 a6 12. Ba4 b5 13. Bb3 Bc5 14. Bf4 Bxd4 15. Bxc7 Bb7 16. Rfe1 b4 17. Na4 Bc6 18. Rad1 Bxa4 19. Bxa4 Bxb2 20. Bd6 Bc3 21. Re3 Ng6 22. Bxf8 Kxf8 23. Rxd7 Ne5 24. Rc7 Rd8 25. Kh2 Rd2 26. f4 Ng6 27. e5 Nxf4 28. Rc8+ Ke7 29. Re8# 1-0


[Site "https://www.chess.com"]

[Event "Titled Tuesday Blitz July 18 Late 2023"]
[White "Rietze, Clemens, Dr."]
[Black "Golubev, Mikhail"]
[WhiteFideId "24620351"]
[BlackFideId "14100983"]
[WhiteElo "2384"]
[BlackElo "2575"]
[Result "1-0"]
[Round "4"]
[TimeControl "180+2"]
[Date "2023.07.18"]
[WhiteClock "0:00:23"]
[BlackClock "0:00:00"]
[Board "113"]

1. d4 Nf6 2. c4 g6 3. f3 Bg7 4. e4 d6 5. Nc3 O-O 6. Be3 a6 7. Bd3 c5 8. Nge2 Nc6 9. Bc2 cxd4 10. Nxd4 Bd7 11. O-O Rc8 12. Nde2 Ne5 13. b3 b5 14. cxb5 axb5 15. Qd2 b4 16. Nd5 Nxd5 17. exd5 Bb5 18. Rfd1 Bxe2 19. Qxe2 Nd7 20. Rab1 Qa5 21. Bd3 Ra8 22. Rd2 Bc3 23. Rc2 Nf6 24. Bf2 Nxd5 25. Be4 Rac8 26. Rd1 Nf6 27. Bd3 Rc7 28. h4 e6 29. Bg3 Nd5 30. Be4 Rfc8 31. Kh1 Be5 32. Rxc7 Rxc7 33. Bxe5 dxe5 34. Bxd5 exd5 35. Qxe5 Rc2 36. h5 Qa8 37. h6 Qf8 38. Qf4 Rxa2 39. Rxd5 Ra1+ 40. Kh2 Ra8 41. g4 f6 42. Rd7 g5 43. Qc4+ Kh8 44. Rg7 Rc8 45. Qd3 1-0


[Site "https://www.chess.com"]

[Event "Titled Tuesday Blitz July 18 Late 2023"]
[White "Ozates, Tuna"]
[Black "Topalov, Aleksandar"]
[WhiteFideId "6354521"]
[BlackFideId "925659"]
[WhiteElo "2573"]
[BlackElo "2380"]
[Result "1/2-1/2"]
[Round "4"]
[TimeControl "180+2"]
[Date "2023.07.18"]
[WhiteClock "0:01:00"]
[BlackClock "0:00:05"]
[Board "114"]

1. e4 e6 2. d4 d5 3. exd5 exd5 4. Bd3 Bd6 5. Qf3 Ne7 6. Bf4 Be6 7. Ne2 Nbc6 8. c3 Qd7 9. h3 O-O-O 10. O-O Bf5 11. Nd2 h6 12. Bxd6 Bxd3 13. Qxd3 Qxd6 14. Ng3 g6 15. Rfe1 h5 16. Nf3 h4 17. Nf1 Nf5 18. Ne3 Qf4 19. Nxf5 gxf5 20. Qe3 Qd6 21. Ne5 Rhg8 22. Qf3 Qf6 23. Nxc6 bxc6 24. Re5 Rg5 25. Rae1 Rdg8 26. Re8+ Kb7 27. Rxg8 Rxg8 28. a4 f4 29. a5 a6 30. b4 Qf5 31. Re7 Rg6 32. Re5 Qf6 33. Kh2 Rg5 34. Rxg5 Qxg5 35. Qg4 Qf6 36. Qf3 Kb8 37. Qd3 Kb7 38. Qe2 Qf5 39. Qe5 Qd3 40. Qxf4 Qxc3 41. Qxh4 Qxb4 42. Qf6 Qxa5 43. Qxf7 Qd2 44. Qf6 a5 45. h4 a4 46. h5 a3 47. h6 a2 48. h7 a1=Q 49. h8=Q Qde1 50. Qhh6 Qg1+ 51. Kg3 Qc3+ 52. Qf3 Qxd4 53. Qb3+ Qb6 54. Qxb6+ cxb6 55. Qh7+ Ka6 56. Qd3+ Kb7 57. Qh7+ Ka6 58. Qd3+ Kb7 59. Qh7+ 1/2-1/2


[Site "https://www.chess.com"]

[Event "Titled Tuesday Blitz July 18 Late 2023"]
[White "Vovk, Orest"]
[Black "Todorovic, Bojan"]
[WhiteFideId "14113490"]
[BlackFideId "917087"]
[WhiteElo "2562"]
[BlackElo "2372"]
[Result "1/2-1/2"]
[Round "4"]
[TimeControl "180+2"]
[Date "2023.07.18"]
[WhiteClock "0:01:11"]
[BlackClock "0:00:52"]
[Board "115"]

1. g4 d5 2. h3 c6 3. Bg2 e5 4. d4 e4 5. c4 Bd6 6. Nc3 Ne7 7. Qb3 O-O 8. Bg5 f6 9. Bd2 Bc7 10. cxd5 Kh8 11. Bxe4 cxd5 12. Bb1 Nbc6 13. Nf3 Rb8 14. Qc2 g6 15. a3 Be6 16. Bh6 Re8 17. g5 Bf5 18. Qd2 Bxb1 19. Rxb1 Nf5 20. gxf6 Nxh6 21. Qxh6 Qxf6 22. Ng5 Qe7 23. e3 Bf4 24. h4 Bxe3 25. Kf1 Bxd4 26. h5 Bxc3 27. hxg6 Qe2+ 28. Kg1 Qg4+ 29. Kf1 Qe2+ 30. Kg1 Qg4+ 31. Kf1 Qe2+ 1/2-1/2


[Site "https://www.chess.com"]

[Event "Titled Tuesday Blitz July 18 Late 2023"]
[White "Przybylski, Wojciech"]
[Black "Merino Garcia, Rafael II"]
[WhiteFideId "1117599"]
[BlackFideId "2209128"]
[WhiteElo "2544"]
[BlackElo "2369"]
[Result "1-0"]
[Round "4"]
[TimeControl "180+2"]
[Date "2023.07.18"]
[WhiteClock "0:02:12"]
[BlackClock "0:01:39"]
[Board "116"]

1. d4 d6 2. e4 Nd7 3. Nf3 g6 4. h4 h6 5. Bc4 e6 6. Nc3 Bg7 7. a3 Ne7 8. a4 a6 9. a5 b5 10. axb6 cxb6 11. Bd3 Bb7 12. Qe2 b5 13. Bf4 Nf6 14. e5 dxe5 15. dxe5 Nfd5 16. Nxd5 Nxd5 17. Bd2 O-O 18. h5 g5 19. Qe4 Re8 20. Qh7+ Kf8 21. Bxg5 hxg5 22. h6 Bxe5 23. Nxe5 Qf6 24. Nd7+ 1-0


[Site "https://www.chess.com"]

[Event "Titled Tuesday Blitz July 18 Late 2023"]
[White "Romero Ruscalleda, Josep"]
[Black "Arencibia Monduy, Antonio"]
[WhiteFideId "2231859"]
[BlackFideId "3507939"]
[WhiteElo "2366"]
[BlackElo "2539"]
[Result "1-0"]
[Round "4"]
[TimeControl "180+2"]
[Date "2023.07.18"]
[WhiteClock "0:00:02"]
[BlackClock "0:00:00"]
[Board "117"]

1. e4 c5 2. c3 e6 3. d4 cxd4 4. cxd4 d5 5. e5 Nc6 6. Be3 Nge7 7. Nf3 Nf5 8. Nc3 Be7 9. Bd3 O-O 10. O-O a6 11. Rc1 Na5 12. Nd2 b5 13. Qf3 Nh4 14. Qg3 f5 15. exf6 Bxf6 16. Ne2 Nc4 17. Nxc4 bxc4 18. Bb1 Bd7 19. Nf4 Qe8 20. Rfe1 Qf7 21. b3 Rac8 22. bxc4 dxc4 23. Rc3 Nf5 24. Bxf5 exf5 25. Rec1 Kh8 26. Ne2 Rg8 27. Qd6 Bb5 28. Nf4 Rgd8 29. Qe6 Qxe6 30. Nxe6 Re8 31. Nc5 f4 32. a4 fxe3 33. fxe3 Rxc5 34. axb5 Rxb5 35. Rxc4 h6 36. R1c3 Rb1+ 37. Kf2 Ra1 38. Kf3 Kh7 39. g3 Rf1+ 40. Kg4 Kg6 41. Rc6 h5+ 42. Kh3 a5 43. Ra6 1-0


[Site "https://www.chess.com"]

[Event "Titled Tuesday Blitz July 18 Late 2023"]
[White "Goffredo_Fofi"]
[Black "Gerbelli Neto, Eduardo"]
[BlackFideId "2103281"]
[WhiteElo "2530"]
[BlackElo "2366"]
[Result "0-1"]
[Round "4"]
[TimeControl "180+2"]
[Date "2023.07.18"]
[WhiteClock "0:00:00"]
[BlackClock "0:00:51"]
[Board "118"]

1. d4 d5 2. c3 c6 3. Bf4 Nf6 4. e3 Bf5 5. Bd3 Bxd3 6. Qxd3 Nbd7 7. Nf3 e6 8. Nbd2 Be7 9. h4 a5 10. h5 a4 11. h6 g6 12. a3 Qb6 13. Rb1 c5 14. O-O O-O 15. Ne5 Nxe5 16. Bxe5 Nd7 17. Bg7 Rfe8 18. Nf3 f6 19. e4 Bf8 20. Bxf8 Rxf8 21. exd5 exd5 22. Rfe1 c4 23. Qc2 Qd6 24. Re3 f5 25. Rbe1 Nf6 26. Re6 Qf4 27. Qd2 Qxd2 28. Nxd2 Rfe8 29. f3 Kf7 30. R6e5 Ng8 31. Kf2 Rad8 32. Nf1 Nxh6 33. Rxe8 Rxe8 34. Rxe8 Kxe8 35. Ne3 f4 36. Nxd5 g5 37. Nb6 Nf5 38. Nxc4 b5 39. Nb6 Ne3 40. g3 Nd1+ 41. Ke2 fxg3 42. Kf1 Ne3+ 43. Kg1 h5 44. Nc8 Kd7 45. Nb6+ Kc7 0-1


[Site "https://www.chess.com"]

[Event "Titled Tuesday Blitz July 18 Late 2023"]
[White "Rodriguez Santiago, Jaime"]
[Black "Shubenkova, Veronika"]
[WhiteFideId "3100898"]
[BlackFideId "44124040"]
[WhiteElo "2360"]
[BlackElo "2520"]
[Result "0-1"]
[Round "4"]
[TimeControl "180+2"]
[Date "2023.07.18"]
[WhiteClock "0:00:14"]
[BlackClock "0:01:07"]
[Board "119"]

1. c4 e5 2. Nc3 g6 3. g3 Bg7 4. Bg2 f5 5. d3 d6 6. e4 Nf6 7. Nge2 O-O 8. O-O c6 9. f4 Na6 10. Rb1 Nc5 11. b4 Ne6 12. h3 a5 13. a3 axb4 14. axb4 Bd7 15. Be3 Ra3 16. Qc1 Ra8 17. fxe5 dxe5 18. exf5 gxf5 19. Bh6 Bxh6 20. Qxh6 Ng7 21. d4 exd4 22. Nxd4 Bc8 23. Nce2 Ra2 24. c5 Nd5 25. Rf2 Qe7 26. Rbf1 Ne3 27. Re1 Nxg2 28. Kxg2 Qe4+ 29. Kg1 Qd3 30. Qf4 Re8 31. Rf3 Qd2 32. Qxd2 Rxd2 33. Kf1 Ne6 34. Nxe6 Bxe6 35. Nf4 Bc4+ 36. Nd3 Bxd3+ 37. Rxd3 Rxe1+ 38. Kxe1 Rxd3 0-1


[Site "https://www.chess.com"]

[Event "Titled Tuesday Blitz July 18 Late 2023"]
[White "Bogaudinov, Rushan"]
[Black "Santos Flores, Alberto"]
[WhiteFideId "4129288"]
[BlackFideId "3601234"]
[WhiteElo "2360"]
[BlackElo "2520"]
[Result "0-1"]
[Round "4"]
[TimeControl "180+2"]
[Date "2023.07.18"]
[WhiteClock "0:00:00"]
[BlackClock "0:00:46"]
[Board "120"]

1. d4 d5 2. Nf3 Nf6 3. g3 e6 4. Bg2 Be7 5. O-O O-O 6. b3 b6 7. Bb2 Bb7 8. Nbd2 Nbd7 9. Re1 c5 10. e3 Rc8 11. c4 Qc7 12. Rc1 Qb8 13. cxd5 Bxd5 14. e4 Bb7 15. e5 Nd5 16. Nc4 Qa8 17. Nd6 Bxd6 18. exd6 N5f6 19. Nh4 Bxg2 20. Nxg2 Rfd8 21. dxc5 Rxc5 22. Rxc5 Nxc5 23. Bxf6 gxf6 24. Qg4+ Kh8 25. Qf4 Kg7 26. Ne3 Qe4 27. Qxe4 Nxe4 28. Rc1 Rxd6 29. Rc7 Rd2 30. Rxa7 Nxf2 31. a4 Nh3+ 32. Kf1 Rb2 33. Nc4 Rxb3 34. Nd6 Kg6 35. Nxf7 Rb2 36. Nh8+ Kf5 37. Rxh7 Ng5 38. Rb7 Ke4 39. a5 b5 40. Ke1 e5 41. Kd1 Rxh2 42. Ng6 Ra2 43. Rxb5 Nf3 44. Kc1 Nd4 45. Rb6 f5 46. a6 Nf3 47. Kb1 Ra5 48. Kb2 Ke3 49. Kb3 e4 50. Kb4 Ra1 51. Rf6 Nd4 52. Nh4 Kd2 53. Nxf5 Nxf5 54. Rxf5 Rxa6 55. g4 e3 56. Rd5+ Ke1 57. Kc3 e2 58. Re5 Rd6 59. g5 Kd1 0-1


[Site "https://www.chess.com"]

[Event "Titled Tuesday Blitz July 18 Late 2023"]
[White "Martinez Reyes, Pedro Ramon"]
[Black "Figorito, Nick"]
[WhiteFideId "3901807"]
[BlackFideId "30923689"]
[WhiteElo "2514"]
[BlackElo "2357"]
[Result "1-0"]
[Round "4"]
[TimeControl "180+2"]
[Date "2023.07.18"]
[WhiteClock "0:02:00"]
[BlackClock "0:00:38"]
[Board "121"]

1. c4 Nf6 2. Nc3 d5 3. cxd5 Nxd5 4. e4 Nxc3 5. dxc3 Qxd1+ 6. Kxd1 c5 7. Be3 b6 8. Kc2 g6 9. h4 h5 10. Nf3 Bg7 11. Ng5 O-O 12. Bc4 e6 13. f3 Ba6 14. Bxa6 Nxa6 15. a4 Nb8 16. Rhd1 Nc6 17. Rd6 Rac8 18. Rd7 Bf6 19. Rad1 Ra8 20. Rb7 Na5 21. Rc7 Be5 22. Rcd7 Nc4 23. Bc1 Bf6 24. b3 Na5 25. Bf4 Nc6 26. Bd6 Ne5 27. Bxe5 Bxe5 28. Rb7 Bf6 29. Rdd7 Bxg5 30. hxg5 Rfc8 31. Rxf7 Rcb8 32. Rg7+ Kf8 33. Rbf7+ Ke8 34. Rf6 1-0


[Site "https://www.chess.com"]